 Dungeon Crawl Stone Soup version 0.27-a0-1555-g0e7b3fb1d2 (webtiles) character file.

Game seed: 987233168206118491

56 Sin92 the Skirmisher (level 3, -5/29 HPs)
             Began as a Demonspawn Fighter on July 14, 2021.
             Killed by divine providence
             ... invoked by an orc priest
              (17 damage)
             ... on level 2 of the Dungeon.
             The game lasted 00:01:51 (1378 turns).

Sin92 the Skirmisher (Demonspawn Fighter)           Turns: 1378, Time: 00:01:52

Health: -5/29      AC: 10    Str: 17    XL:     3   Next: 71%
Magic:  3/3        EV:  5    Int:  9    God:
Gold:   72         SH: 13    Dex: 12    Spells: 2/2 levels left

rFire    . . .     SeeInvis .   a - +0 war axe
rCold    . . .     Faith    .   c - +0 kite shield
rNeg     . . .     Spirit   .   h - +1 chain mail
rPois    .         Reflect  .   (no helmet)
rElec    .         Harm     .   (no cloak)
rCorr    .         Rampage  .   (no gloves)
Will     .....                  (no boots)
Stlth    ..........             (no amulet)
HPRegen  0.09/turn              (no ring)
MPRegen  0.08/turn              (no ring)

@: no status effects
A: condensation shield
a: no special abilities


You were on level 2 of the Dungeon.
You visited 1 branch of the dungeon, and saw 3 of its levels.

You collected 72 gold pieces.

Inventory:

Hand Weapons
 a - a +0 war axe (weapon)
Armour
 b - a +0 scale mail
 c - a +0 kite shield (worn)
 h - a +1 chain mail (worn)
Scrolls
 g - a scroll of identify
Potions
 d - a potion of might


   Skills:
 + Level 3.4 Fighting
 + Level 2.2 Axes
 + Level 3.0 Armour
 + Level 1.1 Dodging
 + Level 3.0 Shields


You had 2 spell levels left.
You didn't know any spells.
Your spell library was empty.

Dungeon Overview and Level Annotations

Branches:
Dungeon (3/15)

Altars:
Wu Jian

Shops:
D:2 [


Innate Abilities, Weirdness & Mutations

A meltable shield of frost defends you. (SH +4)


Message History

You see here a +0 short sword.
There is a stone staircase leading down here.
Things that are here:
a +0 dagger; a +0 ring mail; an orc corpse
There is a stone staircase leading down here.
You start resting.
HP restored.
You start waiting.
Done waiting.
You climb downwards.
The orc priest invokes the aid of Beogh against you.
Beogh smites you!
There is a stone staircase leading up here.
There is a stone staircase leading up here.
You can't go down here!
The dart slug launches a dart at you.
The slug dart hits you but does no damage.
The orc priest calls down the wrath of Beogh upon you.
Pain shoots through your body!
You climb upwards.
There is a stone staircase leading down here.
You completely miss the orc priest. You block the orc priest's attack.
You hit the orc priest.
The orc priest is moderately wounded.
You block the orc priest's attack.
The orc priest hits you but does no damage.
You closely miss the orc priest.
The orc priest is moderately wounded.
You block the orc priest's attack.
You barely miss the orc priest.
The orc priest is moderately wounded.
The orc priest miscasts a cantrip.
You block the orc priest's attack.
You closely miss the orc priest.
The orc priest is moderately wounded.
The orc priest completely misses you.
The orc priest invokes the aid of Beogh against you.
Beogh smites you!
Ouch! That really hurt!
You die...

#.....###....#.# #.# #....#.
.....###.....#.#######.# #....##
....###.....##....<....# ###..##
...###.....###.....##### ##....
+#######+#####.....# ##.###.
...............#...########.## ##
##.†.....#.#...........#....# #
..................)......##.## ##
##.....<...#....@......#####.###.
####.##########.o...#### ##...# #
#.# #.....# ####.# #.#
#.....########..... #.#
#.......#.......).. ####.#
#.....#...#..#..#.. .....#
###.###.#..#..#..#. ###########
####.###..#..#..#..# #.........#
#......#...#..#).#..


You could see an orc priest.

Vanquished Creatures
  2 adders (D:2)
  A worm (D:2)
  A dart slug (D:1)
  5 orcs
  3 goblins
  5 hobgoblins
  3 quokkas (D:2)
  3 ball pythons
  2 frilled lizards (D:2)
  4 rats (D:2)
29 creatures vanquished.

Notes
Turn   | Place    | Note
-------+----------+-------------------------------------------
     0 | D:1      | Sin92 the Demonspawn Fighter began the quest for the Orb.
     0 | D:1      | Reached XP level 1. HP: 18/18 MP: 1/1
    26 | D:1      | You fall into a shaft and drop 1 floor!
    27 | D:2      | Found an ornate altar of the Wu Jian Council.
    77 | D:2      | Gained mutation: A meltable shield of frost defends you.
                  | (SH +4) [demonic ancestry]
    77 | D:2      | Reached XP level 2. HP: 11/24 MP: 2/2
   436 | D:2      | Found Ycuczeena's Antique Armour Shoppe.
   698 | D:2      | Found a faded altar of an unknown god.
   703 | D:2      | Reached XP level 3. HP: 29/29 MP: 3/3
   715 | D:2      | Reached skill level 1 in Dodging
  1378 | D:2      | Killed from afar by an orc priest

Illustrated notes

Levels and vault maps discovered:
D:1:      heliophobic_arrival_enchanted_forest, layout_basic, chequers_jeans
D:2:      layout_loops_cross, basic_altar, serial_shops, nicolae_square_shop,
          dreamdust_ecumenical_altar_grove, minmay_misc_feat_diagonals,
          minmay_quadrilaterals
D:3:      layout_rooms, dancing_weapons_uskayaw

Skill      XL: |  1  2  3 |
---------------+----------+-----
Axes           | 2 |  2.2
Armour         | 3 |  3.0
Dodging        | 1 |  1.1
Shields        | 3 |  3.0
Fighting       | |  3.4

Action                   || total
-------------------------++-------
Melee: War axe           ||    94
  Use: Scroll            ||     6
Armor: Scale mail        ||    12
       Chain mail        ||    27
Dodge: Dodged            ||    15
Block: Kite shield       ||    97

Table legend: (Time is in decaauts)
 A = Elapsed time spent in this place.
 B = Non-inter-level travel time spent in this place.
 C = Inter-level travel time spent in this place.
 D = Time resting spent in this place.
 E = Time spent auto-exploring this place.
 F = Levels seen in this place.
 G = Mean time per level.
                   A        B        C        D        E       F      G
               +--------+--------+--------+--------+--------+-----+--------+
         Total |   1438 |   1412 |     26 |    472 |    659 |   3 |  479.3 |
       Dungeon |   1438 |   1412 |     26 |    472 |    659 |   3 |  479.3 |
               +--------+--------+--------+--------+--------+-----+--------+

Top non-repeatable levels by time:
     D:2: 1304 daAuts
     D:3: 103 daAuts
     D:1: 29 daAuts
